 Dungeon Crawl Stone Soup version 0.29-a0-824-gd827844252 (webtiles) character file.

Game seed: 2826744970329977809

2790 kevlar127 the Grappler (level 9, -2/139 HPs)
             Began as a Troll Berserker on July 9, 2022.
             Was an Elder of Trog.
             Succumbed to a killer bee's poison
             ... on level 9 of the Dungeon.
             The game lasted 00:13:29 (5305 turns).

kevlar127 the Grappler (Troll Berserker)            Turns: 5305, Time: 00:13:30

Health: -2/139     AC:  6    Str: 31    XL:     9   Next: 43%
Magic:  8/8        EV: 10    Int:  3    God:    Trog [****..]
Gold:   539        SH:  0    Dex:  9    Spells: 8/8 levels left

rFire   . . .      SeeInvis +     - Unarmed
rCold   . . .      Faith    .   (no shield)
rNeg    + . .      Spirit   .   G - +2 robe {Will+}
rPois   .          Reflect  .   (helmet restricted)
rElec   .          Harm     .   (no cloak)
rCorr   .          Rampage  .   (gloves unavailable)
Will    +....                   (boots unavailable)
Stlth   ..........              (no amulet)
HPRegen 1.13/turn               v - ring of positive energy
MPRegen 0.11/turn               F - ring of see invisible

@: berserking (expiring), lethally poisoned (-2 -> -12), very quick
A: large, unfitting armour, claws 3, regeneration 1, shaggy fur 1, tough skin 1
a: Renounce Religion, Berserk, Trog's Hand, Brothers in Arms


You were on level 9 of the Dungeon.
You worshipped Trog.
Trog was greatly pleased with you.
You visited 1 branch of the dungeon, and saw 8 of its levels.
You also visited: Ossuary.

You collected 539 gold pieces.

Inventory:

Missiles
 h - 81 stones
 l - 8 boomerangs (quivered)
 o - 7 poisoned darts
 D - a curare-tipped dart
Armour
 a - a +0 animal skin
 i - a +0 kite shield
 G - a +2 robe of willpower (worn)
Jewellery
 v - a ring of positive energy (left claw)
 F - a ring of see invisible (right claw)
Wands
 u - a wand of roots (17)
 H - a wand of flame (16)
Scrolls
 b - 2 scrolls of amnesia {unknown}
 c - 3 scrolls of noise {unknown}
 d - 7 scrolls of identify {unknown}
 e - 3 scrolls of blinking {unknown}
 k - a scroll of enchant armour {unknown}
 n - 3 scrolls of teleportation {unknown}
 r - a scroll of fog {unknown}
 w - 2 scrolls of fear {unknown}
 y - a scroll of silence {unknown}
 z - 3 scrolls of torment {unknown}
 C - 2 scrolls of enchant weapon {unknown}
 E - a scroll of poison {unknown}
Potions
 f - 2 potions of haste {unknown}
 g - 2 potions of mutation {unknown}
 j - 2 potions of berserk rage {unknown}
 m - a potion of degeneration {unknown}
 p - 6 potions of heal wounds {unknown}
 q - 3 potions of attraction {unknown}
 s - 4 potions of curing {unknown}
 t - a potion of magic {unknown}
 x - 2 potions of lignification {unknown}
 A - a potion of cancellation {unknown}
 B - 2 potions of flight {unknown}


   Skills:
 * Level 7.0 Fighting
 - Level 5.0 Throwing
 + Level 1.4 Armour
 - Level 3.0 Dodging
 - Level 1.3 Shields
 * Level 8.3 Unarmed Combat
 + Level 1.2 Evocations


You had 8 spell levels left.
You didn't know any spells.
Your spell library was empty.

Dungeon Overview and Level Annotations

Branches:
Dungeon (7/15)             Temple (0/1) D:6         Ossuary (visited)

Altars:


Innate Abilities, Weirdness & Mutations

You are too large for most types of armour.
You have claws for hands.
Your natural rate of healing is unusually fast.
You are covered in fur. (AC +1)
You have tough skin. (AC +1)


Message History

The killer bee stings you.
* * * LOW HITPOINT WARNING * * *
You closely miss the killer bee.
The killer bee is heavily wounded.
You feel very sick. The killer bee stings you.
* * * LOW HITPOINT WARNING * * *
The killer bee barely misses you. The killer bee misses you.
You barely miss the killer bee.
The killer bee is heavily wounded.
You feel very sick. The killer bee stings you!
* * * LOW HITPOINT WARNING * * *
The killer bee stings you.
* * * LOW HITPOINT WARNING * * *
The killer bee barely misses you.
You closely miss the killer bee.
The killer bee is heavily wounded.
You feel sick. The killer bee stings you.
* * * LOW HITPOINT WARNING * * *
You are more poisoned.
The killer bee poisons you! The killer bee barely misses you. x2
You claw the killer bee!
You kill the killer bee!
Trog accepts your kill.
* * * LOW HITPOINT WARNING * * *
You feel very sick. The killer bee closely misses you.
The killer bee barely misses you.
Your Fighting skill increases to level 7!
You miss the killer bee. You claw the killer bee!
The killer bee is heavily wounded.
* * * LOW HITPOINT WARNING * * *
You feel very sick.
The killer bee stings you but does no damage. x2
The killer bee closely misses you. x2
Unknown command.
You mangle the killer bee!!
You kill the killer bee!
Trog accepts your kill.
You die...

........
....?..#
......# ....#
. #..######..#
#†........#
##....#
#.††..#
########.@†.##
..........y##
..####....##
..........#
###.....##
####.....##
###........##
............#
####.......#


You could see a killer bee.

Vanquished Creatures
  An acid dragon (D:9)
  A water moccasin (D:6)
  Duvessa (D:5)
  An ice beast (D:6)
  An ogre (D:6)
  3 phantoms
  A kobold brigand (D:6)
  An elf zombie (D:4)
  2 bullfrogs
  3 necrophages
  3 elf skeletons (D:4)
  2 scorpions
  4 wights (D:6)
  Dowan (D:5)
  5 killer bees (D:9)
  A howler monkey (D:6)
  3 orc priests
  6 hounds
  3 iguanas
  Natasha (thrice) (D:3)
  6 orc wizards
  8 mummies (Ossuary)
  4 adders
  3 white imps (D:5)
  An ufetubus (D:4)
  3 worms
  3 dart slugs
  19 orcs
  9 ball pythons
  8 endoplasms
  2 giant cockroaches (D:1)
  16 goblins
  9 hobgoblins
  3 jackals (D:3)
  7 kobolds
  A quokka (D:1)
  6 bats
  2 frilled lizards
  3 hobgoblin zombies (Ossuary)
  2 kobold zombies (Ossuary)
  2 orc skeletons (D:4)
  3 orc zombies (Ossuary)
  7 rats
173 creatures vanquished.

Notes
Turn   | Place    | Note
-------+----------+-------------------------------------------
     0 | D:1      | kevlar127 the Troll Berserker began the quest for the Orb.
     0 | D:1      | Reached XP level 1. HP: 22/22 MP: 0/0
   387 | D:1      | Reached XP level 2. HP: 29/29 MP: 1/1
   992 | D:2      | Reached XP level 3. HP: 36/36 MP: 2/2
  1055 | D:2      | Reached ** piety under Trog
  1287 | D:2      | Found a faded altar of an unknown god.
  1482 | D:3      | Reached skill level 4 in Unarmed Combat
  1482 | D:3      | Reached XP level 4. HP: 38/45 MP: 3/3
  1715 | D:3      | Reached XP level 5. HP: 50/53 MP: 4/4
  1755 | D:3      | Reached *** piety under Trog
  1883 | D:3      | Reached skill level 1 in Throwing
  1884 | D:3      | HP: 4/81 [frozen (1)]
  2077 | D:3      | Noticed Natasha
  2081 | D:3      | Killed Natasha
  2082 | D:3      | Reached XP level 6. HP: 57/62 MP: 5/5
  2172 | D:3      | Noticed Natasha
  2179 | D:3      | Killed Natasha
  2180 | D:3      | Reached skill level 5 in Unarmed Combat
  2240 | D:3      | Noticed Natasha
  2245 | D:3      | Killed Natasha
  2564 | D:4      | Reached XP level 7. HP: 69/71 MP: 6/6
  2588 | D:4      | Found a sand-covered staircase.
  2598 | Ossuary  | Entered an ossuary
  2651 | Ossuary  | Reached **** piety under Trog
  2840 | D:4      | Reached skill level 5 in Fighting
  2840 | D:4      | Reached skill level 6 in Unarmed Combat
  3168 | D:5      | Entered Level 5 of the Dungeon
  3189 | D:4      | Reached XP level 8. HP: 65/80 MP: 7/7
  3421 | D:5      | Noticed Dowan
  3424 | D:5      | Noticed Duvessa
  3427 | D:5      | Killed Dowan
  3438 | D:5      | Killed Duvessa
  3542 | D:5      | Reached skill level 7 in Unarmed Combat
  4116 | D:6      | Reached skill level 5 in Throwing
  4536 | D:6      | Reached XP level 9. HP: 78/92 MP: 8/8
  4627 | D:6      | Found a staircase to the Ecumenical Temple.
  4804 | D:6      | Reached skill level 1 in Shields
  4804 | D:6      | Reached skill level 8 in Unarmed Combat
  5043 | D:7      | You fall into a shaft and drop 2 floors!
  5086 | D:9      | Reached skill level 1 in Armour
  5086 | D:9      | Reached skill level 1 in Evocations
  5302 | D:9      | HP: 5/138 [killer bee (6)]
  5304 | D:9      | HP: 1/139 [poisoned by a killer bee]
  5305 | D:9      | Succumbed to a killer bee's poison

Illustrated notes

Levels and vault maps discovered:
D:1:      minmay_arrival_arboretum_small, layout_basic
D:2:      layout_rooms, hellmonk_ecumenical_altar_leap_of_faith,
          minmay_tromino_i4
D:3:      kennysheep_goblin_castle, layout_rooms, st_stairs_1, uniq_natasha
D:4:      layout_rooms, nicolae_ossuary_entry_catacombs
D:5:      layout_rooms, grunt_ministairs_10, uniq_duvessa
D:6:      layout_layer_cave, minmay_temple_entry_stoned_glass, sigmund_army
D:7:      layout_basic, nicolae_lava_and_water, kennysheep_minor_cross
D:9:      layout_cave_pods, mainiacjoe_overflow_boulevard, uniq_grum

Skill      XL: |  1  2  3  4  5  6  7  8  9 |
---------------+----------------------------+-----
Fighting       | 3 4 5 6 7 |  7.0
Dodging        | 3 |  3.0
Unarmed Combat | 4 5 6 7 8 |  8.3
Throwing       | 1 2 3 5 |  5.0
Shields        | 1 |  1.3
Armour         | 1 |  1.4
Evocations     | 1 |  1.2

Action                   |  1- 3 |  4- 6 |  7- 9 || total
-------------------------+-------+-------+-------++-------
Melee: Unarmed           |   111 |   126 |   247 ||   484
       Punch             |     1 |     1 |    10 ||    12
Throw: Stone             |       |     3 |       ||     3
       Boomerang         |       |       |     4 ||     4
Invok: Berserk           |       |     1 |     4 ||     5
       Trog's Hand       |       |     1 |     1 ||     2
 Stab: Sleeping          |     1 |       |     1 ||     2
Armor: Animal skin       |    54 |    31 |    45 ||   130
       Robe              |       |       |    15 ||    15
Dodge: Dodged            |    67 |    52 |   126 ||   245

Table legend: (Time is in decaauts)
 A = Elapsed time spent in this place.
 B = Non-inter-level travel time spent in this place.
 C = Inter-level travel time spent in this place.
 D = Time resting spent in this place.
 E = Time spent auto-exploring this place.
 F = Levels seen in this place.
 G = Mean time per level.
                   A        B        C        D        E       F      G
               +--------+--------+--------+--------+--------+-----+--------+
         Total |   5291 |   4962 |    329 |    365 |   3639 |   9 |  587.9 |
       Dungeon |   5081 |   4752 |    329 |    365 |   3519 |   8 |  635.1 |
       Ossuary |    210 |    210 |      0 |      0 |    120 |   1 |  210.0 |
               +--------+--------+--------+--------+--------+-----+--------+

Top non-repeatable levels by time:
     D:6: 1150 daAuts
     D:3: 983 daAuts
     D:1: 981 daAuts
     D:5: 674 daAuts
     D:4: 576 daAuts
     D:2: 422 daAuts
     D:9: 261 daAuts
 Ossuary: 210 daAuts
     D:7: 30 daAuts
